 Dungeon Crawl Stone Soup version 0.24.0-37-gcf1ca852f1 (webtiles) character file.

Game seed: 223435432197680960, levelgen mode: deterministic

21444 Iamsoldier the Thaumaturge (level 12, -10/95 HPs)
             Began as a Gnoll Skald on Nov 24, 2019.
             Was a Priest of Ashenzari.
             Mangled by a komodo dragon (29 damage)
             ... on level 3 of the Lair of Beasts.
             The game lasted 01:01:22 (14329 turns).

Iamsoldier the Thaumaturge (Gnoll Skald)           Turns: 14329, Time: 01:01:22

Health: -10/95     AC:  8    Str: 14    XL:     12   Next: 90%
Magic:  0/25       EV: 20    Int: 19    God:    Ashenzari [***...]
Gold:   406        SH: 10    Dex: 22    Spells: 8/29 levels left

rFire    + . .     SeeInvis +   b - +1 spear (pierce)
rCold    + . .     Gourm    .   H - +3 buckler "Meharowk" {rPois rF+ rCorr} (curse)
rNeg     + . .     Faith    .   I - +0 troll leather armour
rPois    +         Spirit   +   M - +2 hat of the Bear Spirit {Spirit, +Rage rN+ MR++}
rElec    +         Reflect  .   p - +0 cloak (curse)
rCorr    +         Harm     .   (no gloves)
MR       ++...                  (no boots)
Stlth    ++++......             (no amulet)
HPRegen  0.65/turn              y - +5 ring of slaying (curse)
MPRegen  0.19/turn              P - ring "Wecha" {rElec rC+ Dex+6} (curse)

@: hasted, very quick
A: distributed training, fangs 1, strong nose
a: Curse Item, Scrying, Renounce Religion, Evoke Berserk Rage


You were on level 3 of the Lair of Beasts.
You worshipped Ashenzari.
Ashenzari was most pleased with you.
You were not hungry.

You visited 2 branches of the dungeon, and saw 13 of its levels.
You also visited: Gauntlet.

You collected 700 gold pieces.
You spent 294 gold pieces at shops.

Inventory:

Hand Weapons
 a - the +5 short sword of Drought {freeze, *Noise rF+ rC+}
   (You found it on level 5 of the Dungeon)

   It has been specially enchanted to freeze those struck by it, causing extra
   injury to most foes and up to half again as much damage against particularly
   susceptible opponents.
   It can also slow down cold-blooded creatures.
   It protects you from fire.
   It protects you from cold.
   It may make noises in combat.
 b - a +1 spear of piercing (weapon)
Missiles
 u - 5 throwing nets (quivered)
Armour
 n - a +0 helmet
 p - a cursed +0 cloak (worn)
 s - a +0 ring mail of poison resistance
 H - the cursed +3 buckler "Meharowk" (worn) {rPois rF+ rCorr}
   (You bought it in a shop on level 9 of the Dungeon)

   It protects you from fire.
   It protects you from poison.
   It provides partial protection from all sources of acid and corrosion.
   It has a curse placed upon it.
 I - a +0 troll leather armour (worn)
 M - the +2 hat of the Bear Spirit (worn) {Spirit, +Rage rN+ MR++}
   (You found it in a Gauntlet)

   It protects you from negative energy.
   It affects your resistance to hostile enchantments.
   It lets you go berserk.
Jewellery
 g - an uncursed ring of magical power
 q - an uncursed ring of protection from cold
 r - an uncursed amulet of harm
 t - an uncursed ring of positive energy
 y - a cursed +5 ring of slaying (left hand)
 B - an uncursed ring of protection from cold
 P - the cursed ring "Wecha" (right hand) {rElec rC+ Dex+6}
   (You found it in a Gauntlet)

   [ring of protection from cold]

   It affects your dexterity (+6).
   It protects you from cold.
   It insulates you from electricity.
   It has a curse placed upon it.
Wands
 e - a wand of digging (9)
 l - a wand of polymorph (10)
 v - a wand of flame (22)
 E - a wand of random effects (13)
Scrolls
 c - 8 scrolls of teleportation
 h - 3 scrolls of amnesia
 i - a scroll of identify
 j - 7 scrolls of enchant weapon
 k - a scroll of magic mapping
 o - 2 scrolls of enchant armour
 x - 2 scrolls of fear
 D - 2 scrolls of immolation
 R - a scroll of torment
Potions
 m - 6 potions of lignification
 w - 2 potions of curing
 z - a potion of might
 A - a potion of flight
 C - 2 potions of mutation
 G - 2 potions of invisibility
 J - a potion of magic
 L - 2 potions of berserk rage
 O - 2 potions of ambrosia
 Q - a potion of agility
Miscellaneous
 N - a crystal ball of energy
Comestibles
 d - 20 rations
 S - a chunk of flesh


   Skills:
 + Level 9.0 Fighting
 + Level 7.6 Short Blades
 + Level 7.6 Long Blades
 + Level 7.6 Axes
 + Level 7.6 Maces & Flails
 + Level 9.0 Polearms
 + Level 7.6 Staves
 + Level 7.6 Slings
 + Level 7.6 Bows
 + Level 7.6 Crossbows
 + Level 7.6 Throwing
 + Level 8.1 Armour
 + Level 9.0 Dodging
 + Level 7.6 Stealth
 + Level 7.6(9.5) Shields
 + Level 7.6 Unarmed Combat
 + Level 9.2 Spellcasting
 + Level 6.3(8.2) Conjurations
 + Level 6.3(8.2) Hexes
 + Level 8.4(10.3) Charms
 + Level 6.3(8.2) Summonings
 + Level 6.3(8.2) Necromancy
 + Level 6.3(8.2) Translocations
 + Level 6.3(8.2) Transmutations
 + Level 6.3(8.2) Fire Magic
 + Level 6.3(8.2) Ice Magic
 + Level 6.3(8.2) Air Magic
 + Level 6.3(8.2) Earth Magic
 + Level 6.3(8.2) Poison Magic
 + Level 8.3 Invocations
 + Level 7.6(9.5) Evocations


You had 8 spell levels left.
You knew the following spells:

 Your Spells              Type           Power        Failure   Level  Hunger
a - Infusion              Chrm           ####         1%          1    None
b - Shroud of Golubria    Chrm/Tloc      #####.       1%          2    None
c - Spectral Weapon       Hex/Chrm       #####...     1%          3    None
d - Regeneration          Chrm/Necr      #####.....   1%          3    None
e - Mephitic Cloud        Conj/Pois/Air  #####...     1%          3    None
f - Olgreb's Toxic Radia  Pois           #####...     3%          4    ###....
g - Metabolic Englaciati  Hex/Ice        #####.....   9%          5    #####..

Your spell library contained the following spells:

 Spells                   Type           Power        Failure   Level  Hunger
 Animate Skeleton         Necr           N/A          1%          1    None
 Apportation              Tloc           #####.       1%          1    None
 Confusing Touch          Hex            #####.       1%          1    None
 Sting                    Conj/Pois      ####         1%          1    None
 Summon Small Mammal      Summ           ####         1%          1    None
 Poisonous Vapours        Pois/Air       #####.       1%          2    None
 Song of Slaying          Chrm           #####...     1%          2    None
 Confuse                  Hex            #####...     1%          3    None
 Gell's Gravitas          Tloc           #####.....   1%          3    None
 Ignite Poison            Fire/Tmut/Pois #####...     1%          3    None
 Recall                   Summ/Tloc      N/A          1%          3    None
 Teleport Other           Tloc           #####...     1%          3    None
 Passage of Golubria      Tloc           N/A          3%          4    ###....
 Petrify                  Tmut/Erth      #####...     3%          4    ###....
 Blade Hands              Tmut           #####.....   9%          5    #####..
 Irradiate                Conj/Tmut      #####.....   9%          5    #####..
 Summon Forest            Summ/Tloc      #####.....   9%          5    #####..
 Venom Bolt               Conj/Pois      #####.....   9%          5    #####..
 Yara's Violent Unravell  Hex/Tmut       #####.....   9%          5    #####..
 Dispersal                Tloc           #####.....   45%         6    ######.
 Dragon Form              Tmut           #####.....   95%         7    #######
 Disjunction              Tloc           #####.....   100%        8    #######


Dungeon Overview and Level Annotations

Branches:
Dungeon (10/15)            Temple (0/1) D:6            Lair (3/6) D:9
  Swamp (0/4) Lair:2          Orc (0/2) D:9         Gauntlet (visited)
  Snake: Lair:2-4    Spider: Lair:2-4

Altars:
Ashenzari
Cheibriados
Elyvilon
Kikubaaqudgha
Trog
Xom
Zin
The Shining One

Shops:
D:9 [

Annotations:
D:7 3 runed translucent doors, MJtheKandyman's ghost, novice DrFE


Innate Abilities, Weirdness & Mutations

Your experience applies equally to all skills.
You have very sharp teeth.
Your uncanny sense of smell can sniff out nearby items.


Message History

Your spectral weapon shares its damage with you!
The seven-headed hydra bites your spectral weapon!
Your spectral weapon shares its damage with you!
The seven-headed hydra bites your spectral weapon.
Your spectral weapon shares its damage with you!
The seven-headed hydra bites your spectral weapon!
Your spectral weapon shares its damage with you!
Your spectral weapon fades away.
You feel yourself speed up.
The yak gores the seven-headed hydra.
The seven-headed hydra roars!
You block the spriggan's attack.
The komodo dragon misses the spriggan.
The yak seems less confused.
The komodo dragon bites the seven-headed hydra.
The komodo dragon bites itself!!
The komodo dragon seems less confused.
The komodo dragon bites you!!
* * * LOW HITPOINT WARNING * * *
The komodo dragon bites you!!
You die...

##....##..##l# ,.*
,, ##...#P.##..# .#*
* ,
##...#..#.l#.#.## ,
#P...#.##..###..# ,
#..Y.#.###.##..## ,
##..##.###......##
#.
#.†#P..###..#...#P..
,
#....i#.#.÷#........
#....l@..<..........
#...........÷.......
,
#...................
#...................
#...................
#.##...#....##..##.(
###..P#.##.##*### #
#...###...# * #..##
#..##


You could see a komodo dragon and a spriggan.

Vanquished Creatures
  A minotaur (Gauntlet)
  Harold (D:8)
  A catoblepas (Gauntlet)
  A thrashing horror (Gauntlet)
  An oklob plant (Lair:1)
  Joseph (Lair:1)
  Psyche (D:8)
  5 spiny frogs
  2 molten gargoyles (Gauntlet)
  2 gargoyles (Gauntlet)
  2 komodo dragons
  The ghost of Flugslaktarn the Chopper, an amateur MiMo (D:3)
  A troll (D:9)
  A polar bear (Lair:2)
  2 hornets (D:9)
  4 hippogriffs
  Grinder (D:5)
  Sigmund (D:5)
  21 yaks
  Eustachio (D:4)
  Grum (Lair:1)
  2 basilisks
  3 hungry ghosts
  5 vampire mosquitoes (Lair:2)
  A soldier ant (D:9)
  2 small abominations (Gauntlet)
  4 water moccasins
  6 porcupines
  7 orc warriors
  3 ice beasts
  A wandering mushroom (D:7)
  A black bear (D:9)
  6 ogres
  3 sky beasts
  7 centaurs
  A phantom (D:8)
  7 wolves
  2 big kobolds
  5 crocodiles
  11 bullfrogs
  2 scorpions
  3 jellies
  2 howler monkeys
  6 crimson imps
  3 hounds
  3 centaur skeletons
  5 orc priests
  A bullfrog skeleton (D:8)
  A gnoll shaman (D:5)
  2 iguanas
  Terence (D:2)
  13 orc wizards
  5 worker ants
  A hound zombie (D:7)
  2 hound skeletons
  Robin (D:3)
  A worker ant zombie (D:8)
  15 gnolls
  10 adders
  A shadow imp (D:9)
  An ooze (D:7)
  2 adder skeletons
  An adder zombie (D:8)
  3 worms
  7 leopard geckos
  45 orcs
  3 ball pythons
  5 bats
  7 giant cockroaches
  18 goblins
  23 hobgoblins
  4 quokkas
  5 frilled lizards
  A jackal skeleton (D:5)
  16 kobolds
  A quokka skeleton (D:8)
  6 rats
  A butterfly (D:6)
  A plant (Lair:1)
357 creatures vanquished.

Vanquished Creatures (others)
  A plant (Lair:1)
  11 spectral weapons
12 creatures vanquished.

Grand Total: 369 creatures vanquished

Notes
Turn   | Place    | Note
-------+----------+-------------------------------------------
     0 | D:1      | Iamsoldier the Gnoll Skald began the quest for the Orb.
     0 | D:1      | Reached XP level 1. HP: 20/20 MP: 6/6
    96 | D:1      | Reached XP level 2. HP: 26/26 MP: 2/7
   101 | D:1      | Learned a level 2 spell: Shroud of Golubria
   234 | D:1      | Found a shattered altar of Ashenzari.
   246 | D:1      | Became a worshipper of Ashenzari the Shackled
   493 | D:1      | Reached XP level 3. HP: 30/31 MP: 6/9
   498 | D:1      | Learned a level 3 spell: Spectral Weapon
   502 | D:1      | Learned a level 3 spell: Regeneration
   523 | D:1      | Reached skill level 5 in Spellcasting
   918 | D:2      | Reached skill level 1 in Invocations
  1025 | D:2      | Noticed Terence
  1036 | D:2      | Killed Terence
  1036 | D:2      | Reached skill level 1 in Short Blades
  1036 | D:2      | Reached skill level 1 in Long Blades
  1036 | D:2      | Reached skill level 1 in Axes
  1036 | D:2      | Reached skill level 1 in Maces & Flails
  1036 | D:2      | Reached skill level 1 in Staves
  1036 | D:2      | Reached skill level 1 in Slings
  1036 | D:2      | Reached skill level 1 in Bows
  1036 | D:2      | Reached skill level 1 in Crossbows
  1036 | D:2      | Reached skill level 1 in Throwing
  1036 | D:2      | Reached skill level 1 in Stealth
  1036 | D:2      | Reached skill level 1 in Shields
  1036 | D:2      | Reached skill level 1 in Unarmed Combat
  1036 | D:2      | Reached skill level 1 in Evocations
  1036 | D:2      | Reached XP level 4. HP: 19/38 MP: 10/11
  1690 | D:3      | Reached skill level 1 in Conjurations
  1690 | D:3      | Reached skill level 1 in Hexes
  1690 | D:3      | Reached skill level 1 in Summonings
  1690 | D:3      | Reached skill level 1 in Necromancy
  1690 | D:3      | Reached skill level 1 in Translocations
  1690 | D:3      | Reached skill level 1 in Transmutations
  1690 | D:3      | Reached skill level 1 in Fire Magic
  1690 | D:3      | Reached skill level 1 in Ice Magic
  1690 | D:3      | Reached skill level 1 in Air Magic
  1690 | D:3      | Reached skill level 1 in Earth Magic
  1690 | D:3      | Reached skill level 1 in Poison Magic
  1995 | D:3      | Found a runed translucent door.
  1999 | D:3      | Noticed Flugslaktarn's ghost (amateur MiMo)
  2021 | D:3      | Reached XP level 5. HP: 43/43 MP: 10/12
  2045 | D:3      | Killed Flugslaktarn's ghost
  2045 | D:3      | Reached skill level 5 in Fighting
  2045 | D:3      | Reached skill level 5 in Polearms
  2045 | D:3      | Reached skill level 5 in Dodging
  2045 | D:3      | Reached XP level 6. HP: 38/51 MP: 1/14
  2752 | D:4      | Noticed Robin
  2762 | D:3      | Killed Robin
  2762 | D:3      | Reached XP level 7. HP: 49/56 MP: 15/15
  2878 | D:4      | Reached * piety under Ashenzari
  3216 | D:4      | Noticed Eustachio
  3256 | D:4      | Killed Eustachio
  3868 | D:4      | Reached XP level 8. HP: 63/63 MP: 15/16
  3953 | D:5      | Entered Level 5 of the Dungeon
  4021 | D:5      | Found a glowing silver altar of Zin.
  4056 | D:5      | Noticed Grinder
  4074 | D:5      | Killed Grinder
  4354 | D:5      | Noticed Sigmund
  4362 | D:5      | Killed Sigmund
  5071 | D:5      | Reached XP level 9. HP: 69/69 MP: 18/18
  5273 | D:5      | Got the short sword of Drought {freeze, *Noise rF+ rC+}
  5334 | D:6      | Found a staircase to the Ecumenical Temple.
  5481 | D:6      | Found an ancient bone altar of Kikubaaqudgha.
  5938 | D:5      | Identified the +5 short sword of Drought {freeze, *Noise
                  | rF+ rC+} (You found it on level 5 of the Dungeon)
  6048 | D:6      | Found a white marble altar of Elyvilon.
  6143 | D:6      | Reached ** piety under Ashenzari
  6163 | D:6      | Identified the +2 falchion of Ancient Evil {slice, Dex+8}
                  | (You found it on level 6 of the Dungeon)
  6336 | D:7      | Found a runed translucent gate.
  6336 | D:7      | Found a runed translucent gate.
  6336 | D:7      | Found a runed translucent gate.
  6339 | D:7      | Noticed MJtheKandyman's ghost (novice DrFE)
  6354 | D:7      | Noticed an oklob plant
  6440 | D:7      | Reached skill level 5 in Armour
  6985 | D:7      | Found a snail-covered altar of Cheibriados.
  6989 | D:7      | Noticed a wandering mushroom
  6989 | D:7      | an oklob plant changed into a wandering mushroom
  6999 | D:7      | Reached skill level 5 in Invocations
  7178 | D:8      | Noticed Psyche
  7186 | D:8      | Killed Psyche
  7204 | D:8      | Learned a level 3 spell: Mephitic Cloud
  7283 | D:8      | Found a bloodstained altar of Trog.
  7290 | D:8      | Reached XP level 10. HP: 73/77 MP: 20/20
  7794 | D:8      | Reached skill level 5 in Short Blades
  7794 | D:8      | Reached skill level 5 in Long Blades
  7794 | D:8      | Reached skill level 5 in Axes
  7794 | D:8      | Reached skill level 5 in Maces & Flails
  7794 | D:8      | Reached skill level 5 in Staves
  7794 | D:8      | Reached skill level 5 in Slings
  7794 | D:8      | Reached skill level 5 in Bows
  7794 | D:8      | Reached skill level 5 in Crossbows
  7794 | D:8      | Reached skill level 5 in Throwing
  7794 | D:8      | Reached skill level 5 in Stealth
  7794 | D:8      | Reached skill level 5 in Shields
  7794 | D:8      | Reached skill level 5 in Unarmed Combat
  7794 | D:8      | Reached skill level 5 in Evocations
  8083 | D:8      | Noticed Harold
  8115 | D:8      | Killed Harold
  8588 | D:9      | Found a shimmering altar of Xom.
  8876 | D:9      | Reached XP level 11. HP: 24/84 MP: 18/22
  9796 | D:9      | Found Wolef's Antique Armour Shoppe.
  9803 | D:9      | Bought a smoking buckler for 294 gold pieces
  9808 | D:9      | Identified the +3 buckler "Meharowk" {rPois rF+ rCorr} (You
                  | bought it in a shop on level 9 of the Dungeon)
  9977 | D:9      | Found a staircase to the Lair.
 10017 | D:9      | Reached skill level 5 in Conjurations
 10017 | D:9      | Reached skill level 5 in Hexes
 10017 | D:9      | Reached skill level 5 in Summonings
 10017 | D:9      | Reached skill level 5 in Necromancy
 10017 | D:9      | Reached skill level 5 in Translocations
 10017 | D:9      | Reached skill level 5 in Transmutations
 10017 | D:9      | Reached skill level 5 in Fire Magic
 10017 | D:9      | Reached skill level 5 in Ice Magic
 10017 | D:9      | Reached skill level 5 in Air Magic
 10017 | D:9      | Reached skill level 5 in Earth Magic
 10017 | D:9      | Reached skill level 5 in Poison Magic
 10148 | D:9      | Found a staircase to the Orcish Mines.
 10202 | D:10     | Entered Level 10 of the Dungeon
 11151 | D:10     | Learned a level 4 spell: Olgreb's Toxic Radiance
 11208 | Lair:1   | Entered Level 1 of the Lair of Beasts
 11233 | Lair:1   | Noticed Joseph
 11240 | Lair:1   | Noticed Grum
 11255 | Lair:1   | Killed Grum
 11266 | Lair:1   | Killed Joseph
 11660 | Lair:1   | Reached XP level 12. HP: 69/93 MP: 24/24
 12321 | Lair:2   | Found a staircase to the Swamp.
 12485 | Lair:2   | Found a glowing golden altar of the Shining One.
 12492 | Lair:2   | Found a gate leading to a gauntlet.
 12521 | Gauntlet | Entered a Gauntlet
 12521 | Gauntlet | Found a transporter.
 12521 | Gauntlet | Found a transporter.
 12521 | Gauntlet | Found the +2 hat of the Bear Spirit {Spirit, +Rage rN+
                  | MR++}
 12521 | Gauntlet | Noticed a queen ant
 12525 | Gauntlet | Identified the ring of Nufips {Fire rPois rN+ MR+}
 12525 | Gauntlet | Found a transporter.
 12525 | Gauntlet | Found a transporter.
 12526 | Gauntlet | Found a transporter.
 12536 | Gauntlet | Found a transporter.
 12540 | Gauntlet | Reached *** piety under Ashenzari
 12542 | Gauntlet | Found a transporter.
 12551 | Gauntlet | Found a transporter.
 12560 | Gauntlet | Noticed a catoblepas
 12561 | Gauntlet | Found a transporter.
 12562 | Gauntlet | Found a transporter.
 12582 | Gauntlet | Found a transporter.
 12607 | Gauntlet | Found a transporter.
 12660 | Gauntlet | Noticed a thrashing horror
 12679 | Gauntlet | Identified the ring "Wecha" {rElec rC+ Dex+6}
 12727 | Gauntlet | Identified the +6 hunting sling "Poskaled" {freeze, rPois
                  | rC- rN+}
 12727 | Gauntlet | Identified the +4 crystal plate armour "Roubeoq" {rElec
                  | Dex+2}
 12727 | Gauntlet | Noticed a minotaur
 12791 | Gauntlet | Killed a thrashing horror
 12839 | Gauntlet | Killed a catoblepas
 13012 | Gauntlet | Killed a minotaur
 13134 | Gauntlet | Identified the Disquisition on Transformation
 13142 | Gauntlet | Learned a level 5 spell: Metabolic Englaciation
 13146 | Gauntlet | Identified Puonaqek's Collected Works on the Compass
 13909 | Lair:3   | Noticed a seven-headed hydra
 14131 | Lair:3   | Noticed a seven-headed hydra
 14329 | Lair:3   | Mangled by a komodo dragon

Levels and vault maps discovered:
D:1:      dpeg_arrival_chase, layout_rooms, ashenzari_altar_1
D:2:      layout_basic, uniq_terence
D:3:      layout_basic, ebering_ghost_sewer_d, first_ration
D:4:      layout_cave_pods, minmay_ogre_servants, uniq_eustachio, uniq_robin
D:5:      layout_gridville, marbit_many_paths, item_on_display_a, uniq_grinder,
          uniq_sigmund
D:6:      layout_cave_pools, kiku_gazebo_garden_becter,
          nicolae_overflow_crystal_walls, minmay_temple_entry_butterflies
D:7:      layout_rooms, gammafunk_ghost_necromancy, lemuel_oklob_altar
D:8:      layout_basic, old_standard_altar, uniq_harold, uniq_psyche
D:9:      layout_loops_ring, brannock_xom_greatest_gift, lair_entry_dummy,
          david_orc_4, serial_shops, nicolae_shop_crystal,
          hangedman_pestilent_swarm, hangedman_decor_clover_reticule
D:10:     layout_loops_ring, hangedman_abyss_or_decor_passed
Lair:1:   layout_cave_pods, minmay_lair_oklob_chamber, uniq_joseph, uniq_grum
Lair:2:   layout_loops_ring, minmay_swamp_entry_swarm, gauntlet_entry_generic,
          basic_altar, serial_bayou_pond_c, small_statue_intersection,
          chequers_serial_rivers_room_b, beast_lair_carwin_11
Lair:3:   layout_chaotic_city, guppyfry_snake_entry_island, beast_lair_carwin_5,
          grunt_megastairs_4

Skill      XL: |  1  2  3  4  5  6  7  8  9 10 11 12 |
---------------+-------------------------------------+-----
Spellcasting   | 5 6 7 8 9 |  9.2
Invocations    | 1 2 3 4 5 6 7 8 |  8.3
Short Blades   | 1 2 3 4 5 6 7 |  7.6
Long Blades    | 1 2 3 4 5 6 7 |  7.6
Axes           | 1 2 3 4 5 6 7 |  7.6
Maces & Flails | 1 2 3 4 5 6 7 |  7.6
Staves         | 1 2 3 4 5 6 7 |  7.6
Slings         | 1 2 3 4 5 6 7 |  7.6
Bows           | 1 2 3 4 5 6 7 |  7.6
Crossbows      | 1 2 3 4 5 6 7 |  7.6
Throwing       | 1 2 3 4 5 6 7 |  7.6
Stealth        | 1 2 3 4 5 6 7 |  7.6
Shields        | 1 2 3 4 5 6 7 |  7.6
Unarmed Combat | 1 2 3 4 5 6 7 |  7.6
Evocations     | 1 2 3 4 5 6 7 |  7.6
Conjurations   | 1 2 3 4 5 6 |  6.3
Hexes          | 1 2 3 4 5 6 |  6.3
Summonings     | 1 2 3 4 5 6 |  6.3
Necromancy     | 1 2 3 4 5 6 |  6.3
Translocations | 1 2 3 4 5 6 |  6.3
Transmutations | 1 2 3 4 5 6 |  6.3
Fire Magic     | 1 2 3 4 5 6 |  6.3
Ice Magic      | 1 2 3 4 5 6 |  6.3
Air Magic      | 1 2 3 4 5 6 |  6.3
Earth Magic    | 1 2 3 4 5 6 |  6.3
Poison Magic   | 1 2 3 4 5 6 |  6.3
Fighting       | 5 6 7 8 9 |  9.0
Polearms       | 5 6 7 8 9 |  9.0
Armour         | 3 4 5 6 7 8 |  8.1
Dodging        | 5 6 7 8 9 |  9.0
Charms         | 6 7 8 |  8.4

Action                   |  1- 3 |  4- 6 |  7- 9 | 10-12 || total
-------------------------+-------+-------+-------+-------++-------
Melee: Spear             |    94 |   149 |   329 |    60 ||   632
       Bite              |     4 |    11 |    32 |   104 ||   151
       Punch             |       |     2 |     7 |    14 ||    23
       Short sword       |       |       |    68 |   685 ||   753
 Cast: Infusion          |    12 |    10 |     5 |     7 ||    34
       Spectral Weapon   |     1 |     7 |    38 |    51 ||    97
       Shroud of Golubri |       |     4 |    20 |    35 ||    59
       Regeneration      |       |     1 |     8 |    25 ||    34
       Mephitic Cloud    |       |       |     2 |     8 ||    10
       Metabolic Englaci |       |       |       |     2 ||     2
       Olgreb's Toxic Ra |       |       |       |     1 ||     1
Invok: Curse Item        |       |       |     2 |     3 ||     5
 Abil: Evoke Berserk Rag |       |       |       |     1 ||     1
Evoke: Wand              |       |       |     1 |    17 ||    18
  Use: Potion            |       |       |     7 |    11 ||    18
       Scroll            |       |       |     2 |    17 ||    19
 Stab: Sleeping          |     2 |     5 |     3 |    11 ||    21
       Distracted        |     1 |     1 |     4 |     3 ||     9
       Confused          |       |       |     1 |    11 ||    12
       Invisible         |       |       |       |     1 ||     1
  Eat: Chunk             |       |     7 |    14 |    18 ||    39
       Ration            |       |       |     1 |     3 ||     4
Armor: Leather armour    |     5 |    40 |       |       ||    45
       Ring mail         |       |     2 |   180 |   115 ||   297
       Skin              |       |       |    66 |       ||    66
       Troll leather arm |       |       |       |     6 ||     6
Dodge: Dodged            |    43 |    63 |   277 |   386 ||   769
Block: Buckler           |       |       |       |   137 ||   137
